 Dungeon Crawl Stone Soup version 0.30-a0-591-g3c58d2bc28 (webtiles) character file.

Game seed: 8132412492872654055

219 testman the Conjurer (level 5, -1/32 HPs)
             Began as a Tengu Reaver on Jan 4, 2023.
             Was an Initiate of Kikubaaqudgha.
             Slain by CorgiPerc's ghost (4 damage)
             ... on level 3 of the Dungeon.
             The game lasted 00:09:08 (3325 turns).

testman the Conjurer (Tengu Reaver)                 Turns: 3325, Time: 00:09:09

Health: -1/32      AC:  3    Str:  9 (12) XL:     5   Next: 96%
Magic:  9/10       EV: 13    Int: 12 (15) God:    Kikubaaqudgha [......]
Gold:   236        SH:  0    Dex: 11 (13) Spells: 7/10 levels left

rFire   . . .      SeeInvis .    l - +0 long sword
rCold   . . .      Faith    .    (no shield)
rNeg    . . .      Spirit   .    b - +0 leather armour
rPois   .          Reflect  .    (helmet restricted)
rElec   .          Harm     .    (no cloak)
rCorr   .          Rampage  .    (no gloves)
Will    .....                    (boots unavailable)
Stlth   +                        (no amulet)
HPRegen 0.25/turn                s - ring of flight
MPRegen 0.12/turn                (no ring)

@: mighty, brilliant, flying quickly and evasively, quick
A: beak, talons 3, nimble flight
a: Renounce Religion


You were on level 3 of the Dungeon.
You worshipped Kikubaaqudgha.
Kikubaaqudgha was noncommittal.
You visited 1 branch of the dungeon, and saw 3 of its levels.

You collected 236 gold pieces.

Inventory:

Hand Weapons
 l - a +0 long sword (weapon)
Missiles
 r - 4 poisoned darts
Armour
 b - a +0 leather armour (worn)
Jewellery
 s - a ring of flight (left hand)
Wands
 m - a wand of flame (17)
 u - a wand of quicksilver (11)
Scrolls
 c - 3 scrolls of blinking {unknown}
 e - 2 scrolls of brand weapon {unknown}
 f - 2 scrolls of silence {unknown}
 g - 3 scrolls of identify {unknown}
 k - a scroll of vulnerability {unknown}
 n - a scroll of teleportation {unknown}
 q - a scroll of enchant weapon {unknown}
 t - a scroll of poison {unknown}
 v - a scroll of magic mapping {unknown}
Potions
 a - a potion of brilliance
 d - a potion of berserk rage {unknown}
 h - a potion of haste {unknown}
 i - a potion of might
 j - 2 potions of degeneration
 o - a potion of flight
 p - 2 potions of ambrosia {unknown}
 w - a potion of attraction {unknown}


   Skills:
 + Level 3.2 Fighting
 + Level 4.3 Long Blades
 - Level 2.1 Dodging
 + Level 3.0 Spellcasting
 - Level 5.0 Conjurations
 + Level 1.1 Necromancy
 + Level 1.4 Translocations


You had 7 spell levels left.
You knew the following spells:

 Your Spells              Type           Power      Damage    Failure   Level
a - Kiss of Death         Conj/Necr      52%        2d9       10%         1
b - Momentum Strike       Conj/Tloc      28%        3d8       14%         2

Your spell library contained the following spells:

 Spells                   Type           Power      Damage    Failure   Level
 Apportation              Tloc           14%        N/A       19%         1
 Necrotise                Necr           24%        1d5       22%         1
 Beastly Appendage        Tmut           4%         N/A       34%         1
 Summon Small Mammal      Summ           8%         N/A       34%         1
 Hailstorm                Conj/Ice       11%        3d5       36%         3
 Gell's Gravitas          Tloc           7%         N/A       50%         3
 Teleport Other           Tloc           7%         N/A       50%         3
 Ignite Poison            Fire/Tmut/Pois 2%         N/A       71%         3
 Spider Form              Tmut/Pois      2%         N/A       71%         3
 Yara's Violent Unravell  Hex/Tmut       1%         3d3       100%        5
 Dispersal                Tloc           3%         N/A       100%        6
 Enfeeble                 Hex            1%         N/A       100%        7
 Storm Form               Tmut/Air       1%         N/A       100%        7


Dungeon Overview and Level Annotations

Branches:
Dungeon (3/15)

Altars:
Ashenzari
Kikubaaqudgha
Makhleb

Annotations:
D:3 CorgiPerc's ghost, weakling DrFE


Innate Abilities, Weirdness & Mutations

You have a beak for a mouth.
You have claws for feet.
Your magical nature lets you fly swiftly and evasively.


Message History

You completely miss CorgiPerc's ghost.
CorgiPerc's ghost is heavily damaged.
The orc barely misses you. CorgiPerc's ghost closely misses you.
You hit CorgiPerc's ghost but do no damage.
Your punch misses CorgiPerc's ghost.
CorgiPerc's ghost is heavily damaged.
The orc closely misses you. CorgiPerc's ghost hits you.
CorgiPerc's ghost burns you.
You hit CorgiPerc's ghost but do no damage.
CorgiPerc's ghost is heavily damaged.
The orc closely misses you. CorgiPerc's ghost hits you.
CorgiPerc's ghost burns you.
You barely miss CorgiPerc's ghost. You claw CorgiPerc's ghost.
You peck CorgiPerc's ghost, but do no damage.
CorgiPerc's ghost is severely damaged.
You are no longer robbed of momentum.
The orc barely misses you. CorgiPerc's ghost barely misses you.
The orc hits you from afar with a +0 trident!
* * * LOW HITPOINT WARNING * * *
CorgiPerc's ghost hits you but does no damage.
It was a potion of degeneration.
There was something very wrong with that liquid.
You feel weakened.
You feel dopey.
You feel clumsy.
The orc hits you from afar with a +0 trident.
* * * LOW HITPOINT WARNING * * *
CorgiPerc's ghost barely misses you.
It was a potion of brilliance.
You feel clever all of a sudden. The orc closely misses you.
CorgiPerc's ghost closely misses you.
It was a potion of might.
You feel very mighty all of a sudden. The orc hits you but does no damage.
CorgiPerc's ghost hits you.
* * * LOW HITPOINT WARNING * * *
CorgiPerc's ghost burns you.
* * * LOW HITPOINT WARNING * * *
It was a potion of flight.
You feel more buoyant. The orc completely misses you.
CorgiPerc's ghost hits you.
You die...
Kikubaaqudgha rasps: "You have failed me!
Welcome... death!"

#.##..........# ....).......###
............#######
#########.........#
#.......#.........#
#..#.#..#..o......#
#.!.#.[.'...WJ.og.#
#.).....'..#####W## ###
#...#...'..# #@# ##.#####
#..#.#..#..#####.#####......#
#.......#.......[...........#
#########......#.#####......#
.............#.#.# #......#
.............#.#.# #......#
##.....####.##†#.# #......#
.............#.#.# ########
####.#..######.#.##############


You could see CorgiPerc's ghost, an orc and a hobgoblin.

Vanquished Creatures
  A hound (D:3)
  Jessica (D:3)
  Terence (D:2)
  Robin (D:2)
  A gnoll (D:3)
  4 adders
  A worm (D:2)
  A dart slug (D:1)
  5 orcs (D:3)
  7 ball pythons
  10 bats
  6 endoplasms
  A giant cockroach (D:1)
  14 goblins
  5 hobgoblins
  3 jackals (D:1)
  6 kobolds
  A quokka (D:2)
  5 frilled lizards
  2 rats
76 creatures vanquished.

Vanquished Creatures (others)
  9 plants (D:2)
9 creatures vanquished.

Grand Total: 85 creatures vanquished

Notes
Turn   | Place    | Note
-------+----------+-------------------------------------------
     0 | D:1      | testman the Tengu Reaver began the quest for the Orb.
     0 | D:1      | Reached XP level 1. HP: 12/12 MP: 4/4
   185 | D:1      | Reached XP level 2. HP: 17/17 MP: 6/6
   989 | D:1      | Reached XP level 3. HP: 22/22 MP: 7/7
   998 | D:1      | Learned a level 2 spell: Momentum Strike
  1170 | D:2      | Noticed Robin
  1299 | D:2      | Killed Robin
  1524 | D:2      | Reached XP level 4. HP: 11/24 MP: 4/8
  1603 | D:2      | Got the Volume of Transmigration
  1892 | D:2      | Noticed Terence
  1896 | D:2      | Killed Terence
  2334 | D:3      | Reached skill level 1 in Translocations
  2334 | D:3      | Gained mutation: Your magical nature lets you fly swiftly
                  | and evasively. [Tengu growth]
  2334 | D:3      | Reached XP level 5. HP: 27/32 MP: 10/10
  2527 | D:3      | Found an ancient bone altar of Kikubaaqudgha.
  2532 | D:3      | Became a worshipper of Kikubaaqudgha
  2552 | D:3      | Reached skill level 5 in Conjurations
  2690 | D:3      | Found a runed translucent gate.
  2691 | D:3      | Found a runed translucent gate.
  2718 | D:3      | Noticed CorgiPerc's ghost (weakling DrFE)
  2719 | D:3      | Found a runed translucent gate.
  2868 | D:3      | Found a burning altar of Makhleb.
  2868 | D:3      | Noticed Jessica
  2873 | D:3      | Found a broken altar of Ashenzari.
  3070 | D:3      | Killed Jessica
  3071 | D:3      | Reached skill level 1 in Necromancy
  3325 | D:3      | Slain by CorgiPerc's ghost

Illustrated notes

Levels and vault maps discovered:
D:1:      dpeg_arrival_lava_temple_mockup, layout_basic, minmay_cupped
D:2:      layout_basic, serial_bayou, serial_bayou_shore_b, serial_bayou_pond_c,
          serial_bayou_crossing, serial_bayou_pond_e, serial_bayou_shore_b,
          serial_bayou_pond_d, uniq_terence, uniq_robin
D:3:      layout_basic, mainiacjoe_overflow_brackets, jmf_multi_god_temple,
          gammafunk_ghost_split, minmay_fractal_squares_gapless_5, uniq_jessica

Skill      XL: |  1  2  3  4  5 |
---------------+----------------+-----
Long Blades    | 4 |  4.3
Translocations | 1 |  1.4
Fighting       | 3 |  3.2
Conjurations   | 5 |  5.0
Spellcasting   | 3 |  3.0
Necromancy     | 1 |  1.1
Dodging        | |  2.1

Action                   |  1- 3 |  4- 6 || total
-------------------------+-------+-------++-------
Melee: Falchion          |    31 |       ||    31
       Peck              |    11 |    22 ||    33
       Kick              |    18 |    15 ||    33
       Long sword        |    53 |    88 ||   141
       Punch             |     1 |       ||     1
 Cast: Momentum Strike   |     1 |     9 ||    10
       Kiss of Death     |     1 |       ||     1
Evoke: Wand              |       |     1 ||     1
  Use: Potion            |       |     4 ||     4
Armor: Leather armour    |    24 |    19 ||    43
Dodge: Dodged            |    64 |    78 ||   142

Table legend: (Time is in decaauts)
 A = Elapsed time spent in this place.
 B = Non-inter-level travel time spent in this place.
 C = Inter-level travel time spent in this place.
 D = Time resting spent in this place.
 E = Time spent auto-exploring this place.
 F = Levels seen in this place.
 G = Mean time per level.
                   A        B        C        D        E       F      G
               +--------+--------+--------+--------+--------+-----+--------+
         Total |   3318 |   3248 |     70 |     75 |   2694 |   3 | 1106.0 |
       Dungeon |   3318 |   3248 |     70 |     75 |   2694 |   3 | 1106.0 |
               +--------+--------+--------+--------+--------+-----+--------+

Top non-repeatable levels by time:
     D:2: 1203 daAuts
     D:1: 1153 daAuts
     D:3: 961 daAuts
